 Dungeon Crawl Stone Soup version 0.29-a0-11-ga75d3d97ab (webtiles) character file.

Game seed: 9330468563724983369

817 issech the Cudgeller (level 7, -2/70 HPs)
             Began as a Troll Monk on Jan 29, 2022.
             Slain by a steam dragon (4 damage)
             ... on level 5 of the Dungeon.
             The game lasted 00:13:17 (3538 turns).

issech the Cudgeller (Troll Monk)                   Turns: 3538, Time: 00:13:18

Health: -2/70      AC:  4    Str: 20    XL:     7   Next: 62%
Magic:  6/6        EV: 19    Int:  6    God:
Gold:   244        SH:  0    Dex: 14    Spells: 6/6 levels left

rFire   . . .      SeeInvis .   q - +1 whip (elec)
rCold   . . .      Faith    .   (no shield)
rNeg    . . .      Spirit   .   b - +0 robe
rPois   .          Reflect  .   (helmet restricted)
rElec   .          Harm     .   (no cloak)
rCorr   .          Rampage  .   (gloves unavailable)
Will    .....                   (boots unavailable)
Stlth   ++........              (no amulet)
HPRegen 1.01/turn               u - +4 ring of evasion
MPRegen 0.10/turn               C - +4 ring of evasion

@: no status effects
A: large, unfitting armour, claws 3, regeneration 1, shaggy fur 1, tough skin 1
a: no special abilities


You were on level 5 of the Dungeon.
You visited 1 branch of the dungeon, and saw 5 of its levels.
You also visited: Ossuary.

You collected 244 gold pieces.

Inventory:

Hand Weapons
 a - a +0 mace
 q - a +1 whip of electrocution (weapon)
Missiles
 e - 6 datura-tipped darts (quivered)
 f - 5 javelins
 g - 64 bolts
 j - 126 stones
 n - 52 arrows
 B - 25 sling bullets
Armour
 b - a +0 robe (worn)
 t - the +1 hat "Earthly Heaven" {Harm *Corrode Fly rPois}
   (You found it on level 3 of the Dungeon)

   rPois:     It protects you from poison.
   Fly:       It grants you flight.
   *Corrode:  It may corrode you when you take damage.
   Harm:      It increases damage dealt and taken.
Jewellery
 d - a ring of positive energy
 i - a +6 ring of intelligence
 m - a ring of magical power
 r - a ring of magical power
 u - a +4 ring of evasion (left claw)
 C - a +4 ring of evasion (right claw)
Wands
 D - a wand of digging (7)
Scrolls
 h - 5 scrolls of identify {unknown}
 k - a scroll of silence {unknown}
 l - 2 scrolls of fear {unknown}
 o - a scroll of immolation
 w - 2 scrolls of vulnerability {unknown}
 y - a scroll of magic mapping {unknown}
Potions
 c - a potion of attraction {unknown}
 p - a potion of curing {unknown}
 s - 4 potions of heal wounds {unknown}
 v - 6 potions of flight {unknown}
 x - 2 potions of mutation {unknown}
 z - a potion of lignification {unknown}
 A - 3 potions of invisibility {unknown}


   Skills:
 + Level 4.0 Fighting
 + Level 6.2 Maces & Flails
 + Level 4.2 Dodging
 + Level 1.5 Stealth


You had 6 spell levels left.
You didn't know any spells.
Your spell library contained the following spells:

 Spells                   Type           Power      Damage    Failure   Level
 Foxfire                  Conj/Fire      0%         2x1d4     45%         1
 Magic Dart               Conj           0%         1d3       45%         1
 Blink                    Tloc           0%         N/A       58%         2
 Searing Ray              Conj           0%         2d4       58%         2
 Conjure Flame            Conj/Fire      0%         6-21      83%         3
 Inner Flame              Hex/Fire       0%         N/A       83%         3
 Lesser Beckoning         Tloc           0%         N/A       83%         3
 Flame Wave               Conj/Fire      0%         2d4       99%         4
 Fulminant Prism          Conj/Hex       0%         3d6       99%         4
 Manifold Assault         Tloc           0%         N/A       100%        5


Dungeon Overview and Level Annotations

Branches:
Dungeon (5/15)            Ossuary (visited)
 Temple: D:4-7

Altars:
Kikubaaqudgha

Shops:
D:3 =


Innate Abilities, Weirdness & Mutations

You are too large for most types of armour.
You have claws for hands.
Your natural rate of healing is unusually fast.
You are covered in fur. (AC +1)
You have tough skin. (AC +1)


Message History

You climb downwards.
The iguana closely misses you. The steam dragon barely misses you.
The steam dragon misses you.
There is a stone staircase leading up here.
The iguana bites you. The steam dragon closely misses you. x2
You climb upwards.
There is a stone staircase leading down, spattered with blood here.
The iguana bites you but does no damage.
The steam dragon bites you. The steam dragon misses you.
You climb downwards.
There is a stone staircase leading up here.
You hit the iguana but do no damage. The iguana closely misses you.
You hit the iguana. Lightning courses through the iguana!
You kill the iguana!
The steam dragon closely misses you. x2
Your Fighting skill increases to level 4!
You barely miss the steam dragon. The steam dragon completely misses you.
The steam dragon claws you but does no damage.
You whack the steam dragon!
The steam dragon is moderately wounded.
The steam dragon bites you! The steam dragon completely misses you.
You closely miss the steam dragon.
The steam dragon is moderately wounded.
The steam dragon breathes steam at you. The ball of steam hits you!!
You closely miss the steam dragon.
The steam dragon is moderately wounded.
You are engulfed in a cloud of scalding steam.
You barely miss the steam dragon.
The steam dragon is moderately wounded.
The steam dragon bites you but does no damage.
The steam dragon claws you.
You hit the steam dragon.
The steam dragon is moderately wounded.
The steam dragon breathes steam at you. The ball of steam hits you!!
* * * LOW HITPOINT WARNING * * *
You are engulfed in a cloud of scalding steam.
* * * LOW HITPOINT WARNING * * *
The steam dragon bites you.
You die...

.#.......##.....####.##..##.##.>.
.#........#......................
.#........#......................
'####....)'......................
.≈≈≈#....########'####...##....##
).≈≈#....##...##..####...##....##
...≈#######......§..............#
...≈#....'.....§.D§.............#
...≈#....#.....§@...............#
..≈≈#....##...##§##.##.####.##.##
§§§≈#....##...##.#####.####.##.##
#####....##......#...............
###......##......#..............>
.##......#.......#...............
.........#.......#...............
.........##....#))#.........##..#
.........#################..##..#


You could see a steam dragon (catching breath).

Vanquished Creatures
  2 sky beasts (D:5)
  A scorpion (D:5)
  A water moccasin zombie (Ossuary)
  5 orc priests
  2 hounds (D:4)
  2 centaur skeletons (D:5)
  2 iguanas (D:5)
  An orc wizard (D:4)
  A hound skeleton (D:5)
  2 mummies (Ossuary)
  4 adders
  An adder skeleton (D:4)
  5 adder zombies (Ossuary)
  A worm (D:4)
  8 orcs
  5 ball pythons
  A bat (D:1)
  6 endoplasms
  A giant cockroach (D:4)
  4 goblins
  8 hobgoblins
  6 jackals
  6 kobolds
  4 quokkas
  3 frilled lizards
  A gnoll zombie (Ossuary)
  7 hobgoblin zombies (Ossuary)
  3 kobold zombies (Ossuary)
  6 orc zombies (Ossuary)
  6 rats
105 creatures vanquished.

Notes
Turn   | Place    | Note
-------+----------+-------------------------------------------
     0 | D:1      | issech the Troll Monk began the quest for the Orb.
     0 | D:1      | Reached XP level 1. HP: 22/22 MP: 0/0
    74 | D:1      | Reached XP level 2. HP: 29/29 MP: 1/1
   136 | D:1      | Reached skill level 3 in Maces & Flails
   534 | D:2      | Reached XP level 3. HP: 36/36 MP: 2/2
   611 | D:2      | Found a faded altar of an unknown god.
  1251 | D:3      | Reached XP level 4. HP: 40/44 MP: 3/3
  1308 | D:3      | Found Mimiobro's One-of-a-Kind Rings.
  1332 | D:3      | Found an ancient bone altar of Kikubaaqudgha.
  1702 | D:3      | Reached skill level 4 in Maces & Flails
  1702 | D:3      | Reached XP level 5. HP: 24/53 MP: 4/4
  1809 | D:3      | Identified the +1 hat "Earthly Heaven" {Harm *Corrode Fly
                  | rPois}
  2219 | D:4      | Reached XP level 6. HP: 61/61 MP: 5/5
  2308 | D:4      | Found a sand-covered staircase.
  2319 | Ossuary  | Entered an ossuary
  2445 | Ossuary  | Reached skill level 5 in Maces & Flails
  2774 | D:5      | Entered Level 5 of the Dungeon
  2979 | D:5      | Reached XP level 7. HP: 55/67 MP: 6/6
  3188 | D:5      | Reached skill level 6 in Maces & Flails
  3480 | D:5      | Noticed a steam dragon
  3538 | D:5      | HP: 1/70 [steam dragon] (10)]
  3538 | D:5      | Slain by a steam dragon

Illustrated notes

Levels and vault maps discovered:
D:1:      dpeg_arrival_rooms_a, layout_rooms
D:2:      layout_basic, hellmonk_ecumenical_altar_blasted
D:3:      layout_loops_corners, mainiacjoe_overflow_alcove_2,
          nicolae_shop_unique_rings
D:4:      layout_cave_pools, lightli_ossuary_entry_decrepit_ruins
D:5:      layout_gridville, kennysheep_generic_room_8

Skill      XL: |  1  2  3  4  5  6  7 |
---------------+----------------------+-----
Maces & Flails | 3 4 5 6 |  6.2
Dodging        | 3 4 |  4.2
Fighting       | 3 4 |  4.0
Stealth        | |  1.5

Action                   |  1- 3 |  4- 6 |  7- 9 || total
-------------------------+-------+-------+-------++-------
Melee: Mace              |   131 |    17 |       ||   148
       Whip              |       |   179 |    87 ||   266
       Punch             |       |     3 |       ||     3
 Stab: Sleeping          |     2 |     1 |       ||     3
Armor: Robe              |    67 |    33 |    25 ||   125
Dodge: Dodged            |    99 |   114 |    59 ||   272

Table legend: (Time is in decaauts)
 A = Elapsed time spent in this place.
 B = Non-inter-level travel time spent in this place.
 C = Inter-level travel time spent in this place.
 D = Time resting spent in this place.
 E = Time spent auto-exploring this place.
 F = Levels seen in this place.
 G = Mean time per level.
                   A        B        C        D        E       F      G
               +--------+--------+--------+--------+--------+-----+--------+
         Total |   3530 |   3453 |     77 |     65 |   1163 |   6 |  588.3 |
       Dungeon |   3323 |   3246 |     77 |     65 |   1163 |   5 |  664.6 |
       Ossuary |    206 |    206 |      0 |      0 |      0 |   1 |  206.0 |
               +--------+--------+--------+--------+--------+-----+--------+

Top non-repeatable levels by time:
     D:3: 1035 daAuts
     D:5: 728 daAuts
     D:4: 583 daAuts
     D:1: 509 daAuts
     D:2: 467 daAuts
 Ossuary: 206 daAuts
